 Dungeon Crawl Stone Soup version 0.22-a0-877-g5c4e1af (webtiles) character file.

189 prawnwizard the Slasher (level 5, -2/38 HPs)
             Began as a Demonspawn Gladiator on July 29, 2018.
             Killed by divine providence
             ... invoked by an orc priest
              (14 damage)
             ... on level 3 of the Dungeon.
             The game lasted 00:04:25 (2695 turns).

prawnwizard the Slasher (Demonspawn Gladiator)      Turns: 2695, Time: 00:04:25

Health: -2/38      AC:  9    Str: 16    XL:     5   Next: 40%
Magic:  5/5        EV: 10    Int:  9    God:
Gold:   149        SH:  7    Dex: 14    Spells: 4/4 levels left

rFire    . . .     SeeInvis .   a - +0 long sword
rCold    . . .     Gourm    .   g - +2 buckler
rNeg     . . .     Faith    .   h - +0 scale mail
rPois    .         Spirit   .   c - +0 helmet
rElec    .         Reflect  .   (no cloak)
rCorr    .         Harm     .   (no gloves)
MR       .....                  (no boots)
Stlth    ..........             (no amulet)
HPRegen  0.12/turn              (no ring)
MPRegen  0.09/turn              (no ring)

@: no status effects
A: thin metallic scales 1, powered by death 1, spiny 1
a: no special abilities


You were on level 3 of the Dungeon.
You were not hungry.

You visited 1 branch of the dungeon, and saw 3 of its levels.

You collected 149 gold pieces.

Inventory:

Hand Weapons
 a - a +0 long sword (weapon)
Missiles
 d - 4 throwing nets (quivered)
Armour
 c - a +0 helmet (worn)
 g - a +2 buckler (worn)
 h - a +0 scale mail (worn)
Jewellery
 o - an uncursed ring of positive energy {unknown}
Scrolls
 b - a scroll of immolation
 e - a scroll of enchant weapon {unknown}
 l - a scroll of fear {unknown}
 m - 2 scrolls of identify {unknown}
 n - 2 scrolls of enchant armour {unknown}
 q - a scroll of remove curse {unknown}
 r - a scroll of teleportation {unknown}
Potions
 j - a potion of flight {unknown}
 k - a potion of might {unknown}
 p - a potion of resistance {unknown}
Comestibles
 f - 4 rations
 i - 5 chunks of flesh


   Skills:
 - Level 2.1 Fighting
 * Level 4.4 Long Blades
 - Level 1.7 Throwing
 - Level 2.8 Dodging
 * Level 3.0 Shields


You had 4 spell levels left.
You didn't know any spells.
Your spell library was empty.

Dungeon Overview and Level Annotations

Branches:
Dungeon (3/15)

Altars:
Hepliaklqana
Trog


Innate Abilities, Weirdness & Mutations

You are partially covered in thin metallic scales. (AC +2)
You regenerate a little health from kills.
You are partially covered in sharp spines.


Message History

Your scale mail prevents you from hitting the orc priest.
The orc priest is heavily wounded.
The dart slug launches a dart at you. The slug dart hits you!
The orc wizard gestures at you while chanting.
The magic dart hits you! The orc priest misses you.
Unknown command.
You hit the orc priest.
The orc priest is severely wounded.
The orc wizard gestures at you while chanting.
You resist with some effort. You block the dart slug's attack.
The orc priest barely misses you.
You riposte.
You hit the orc priest but do no damage.
The orc priest is severely wounded.
You hit the orc priest.
The orc priest is almost dead.
The orc wizard hits you but does no damage.
The orc priest invokes the aid of Beogh against you.
Beogh smites you!
You die...

. .. #.. .#. #.#
.#.##.######
..........#
##.##......#
#...#......###
#...#.........
#..o#o......#
#..w@)......#
#..#####.##.#
#..#####.#
#.....##.#
##.##.##.#
#.......# ## ##
#.......# #.#. .
###...#.#####.#. #
#.#..)).....#.####


You could see an orc priest, an orc wizard and a dart slug.

Vanquished Creatures
  An orc priest (D:3)
  4 gnolls (D:3)
  6 adders
  An ooze (D:2)
  A worm (D:2)
  A leopard gecko (D:3)
  5 orcs (D:3)
  3 giant cockroaches
  5 goblins
  4 hobgoblins
  4 jackals (D:3)
  2 quokkas (D:3)
  2 ball pythons
  2 bats (D:1)
  5 frilled lizards
  11 kobolds
  4 rats
  2 plants (D:2)
63 creatures vanquished.

Notes
Turn   | Place    | Note
-------+----------+-------------------------------------------
     0 | D:1      | prawnwizard the Demonspawn Gladiator began the quest for the Orb.
     0 | D:1      | Reached XP level 1. HP: 16/16 MP: 1/1
   640 | D:1      | Reached skill level 3 in Long Blades
   642 | D:1      | Gained mutation: You are partially covered in thin metallic scales. (AC +2) [demonic ancestry]
   642 | D:1      | Reached XP level 2. HP: 22/22 MP: 2/2
  1233 | D:1      | Reached skill level 1 in Shields
  1246 | D:1      | Gained mutation: You regenerate a little health from kills. [demonic ancestry]
  1246 | D:1      | Reached XP level 3. HP: 4/27 MP: 3/3
  1686 | D:2      | Found a bloodstained altar of Trog.
  1687 | D:2      | Found a hazy altar of Hepliaklqana.
  1729 | D:2      | Reached XP level 4. HP: 26/33 MP: 4/4
  2201 | D:3      | Reached skill level 4 in Long Blades
  2580 | D:3      | Gained mutation: You are partially covered in sharp spines. [demonic ancestry]
  2580 | D:3      | Reached XP level 5. HP: 35/38 MP: 5/5
  2695 | D:3      | Killed from afar by an orc priest

Vault maps used:
D:1:      lightli_arrival_noodles
D:2:      chequers_temple_overflow_statue_of_worship, serial_bayou,
          serial_bayou_shore_a, serial_bayou_crossing, serial_bayou_ford_a,
          serial_bayou_lagoon_a, lightli_corner_chamber
D:3:      minitemple, first_ration

Skill      XL: |  1  2  3  4  5 |
---------------+----------------+-----
Long Blades    | 3 4 |  4.4
Shields        | 1 2 3 |  3.0
Fighting       | |  2.1
Throwing       | |  1.7
Dodging        | |  2.8

Action                   |  1- 3 |  4- 6 || total
-------------------------+-------+-------++-------
Melee: Long sword        |   117 |   121 ||   238
  Use: Potion            |     2 |       ||     2
       Scroll            |     1 |       ||     1
  Eat: Chunk             |     3 |     3 ||     6
Armor: Leather armour    |    12 |       ||    12
       Scale mail        |    55 |    31 ||    86
Dodge: Dodged            |    82 |    42 ||   124
Block: Buckler           |    36 |    37 ||    73
       Rpst.: Long sword |    30 |    18 ||    48

Table legend:
 A = Spawn XP
 B = Non-spawn XP
 C = Spawn XP percentage of total XP
 D = Spawn monster count
 E = Non-spawn monster count
 F = Spawn count percentage of total count
 G = Total turns spent on level
                    A         B        C        D         E        F      G
               +---------+---------+-------+---------+---------+-------+---------
         Total |       0 |     271 |   0.0 |       0 |      61 |   0.0 |  2695
               +---------+---------+-------+---------+---------+-------+---------
           D:1 |       0 |      50 |   0.0 |       0 |      18 |   0.0 |  1325
           D:2 |       0 |      58 |   0.0 |       0 |      18 |   0.0 |   901
           D:3 |       0 |     163 |   0.0 |       0 |      25 |   0.0 |   469
               +---------+---------+-------+---------+---------+-------+---------
